 Dungeon Crawl Stone Soup version 0.29-a0-194-g6e3aafee17 (webtiles) character file.

Game seed: 12576233662160553335

164 Zeldest the Shield-Bearer (level 5, -6/42 HPs)
             Began as a Formicid Fighter on Feb 22, 2022.
             Killed by nerve-wracking pain
             ... invoked by Grinder
              (10 damage)
             ... on level 4 of the Dungeon.
             The game lasted 00:02:53 (1724 turns).

Zeldest the Shield-Bearer (Formicid Fighter)        Turns: 1724, Time: 00:02:54

Health: -6/42      AC: 16    Str: 23    XL:     5   Next: 73%
Magic:  5/5        EV: 10    Int:  7    God:
Gold:   108        SH:  4    Dex: 10    Spells: 4/4 levels left

rFire   . . .      SeeInvis +   a - +0 trident
rCold   . . .      Faith    .   c - +0 buckler
rNeg    . . .      Spirit   .   f - +0 plate armour
rPois   .          Reflect  .   (helmet unavailable)
rElec   .          Harm     .   r - +0 cloak
rCorr   .          Rampage  .   (no gloves)
Will    .....                   q - +2 pair of boots
Stlth   ..........              (no amulet)
HPRegen 0.14/turn               j - +4 ring of slaying
MPRegen 0.09/turn               e - +4 ring of evasion

@: mighty
A: permanent stasis, dig shafts and tunnels, antennae 3, four strong arms
a: Dig, Shaft Self


You were on level 4 of the Dungeon.
You visited 1 branch of the dungeon, and saw 4 of its levels.

You collected 108 gold pieces.

Inventory:

Hand Weapons
 a - a +0 trident (weapon)
Armour
 b - a +0 scale mail
 c - a +0 buckler (worn)
 f - a +0 plate armour (worn)
 q - a +2 pair of boots (worn)
 r - a +0 cloak (worn)
Jewellery
 e - a +4 ring of evasion (right hand)
 j - a +4 ring of slaying (left hand)
Wands
 p - a wand of digging (5)
Scrolls
 h - 2 scrolls of identify {unknown}
 i - a scroll of silence {unknown}
 k - a scroll of brand weapon {unknown}
 l - a scroll of immolation {unknown}
 m - a scroll of fog {unknown}
 o - a scroll of enchant weapon {unknown}
Potions
 g - 2 potions of curing {unknown}
 n - a potion of heal wounds {unknown}


   Skills:
 + Level 4.3 Fighting
 + Level 2.1 Maces & Flails
 - Level 2.1 Polearms
 + Level 4.3 Armour
 + Level 4.8 Shields


You had 4 spell levels left.
You didn't know any spells.
Your spell library contained the following spells:

 Spells                   Type           Power      Damage    Failure   Level
 Portal Projectile        Hex/Tloc       0%         N/A       100%        3
 Blade Hands              Tmut           0%         N/A       100%        5
 Excruciating Wounds      Necr           0%         N/A       100%        5


Dungeon Overview and Level Annotations

Branches:
Dungeon (4/15)
 Temple: D:4-7

Altars:

Shops:
D:1 (

Annotations:
D:2 Sigmund
D:4 Grinder


Innate Abilities, Weirdness & Mutations

You cannot be hasted, slowed, berserked, paralysed or teleported.
You can dig through walls and to a lower floor.
You have a pair of large antennae on your head. (SInv)
Your four strong arms can wield two-handed weapons with a shield.


Message History

Your stasis prevents you from being paralysed.
You closely miss the shadow imp.
Grinder blinks!
The shadow imp gestures at you. Pain shoots through your body!
* * * LOW HITPOINT WARNING * * *
You impale the shadow imp!!
You kill the shadow imp!
Okay, then.
Aiming: Dig
Press: ? - help, Shift-Dir - straight line A rock wall.
The rock shatters into small pieces.
Grinder gestures at you. You resist with significant effort.
Grinder says, "Don't move a muscle."
Reach: a) +0 trident
Press: ? - help, Dir - move target, f - Grinder
Aim: Grinder (moderately wounded, about 40% to evade your +0 trident)
You reach to attack!
You closely miss Grinder.
Grinder is moderately wounded.
You hit Grinder.
Grinder is moderately wounded.
Grinder hits you but does no damage.
You puncture Grinder!
Grinder is heavily wounded.
Grinder hits you but does no damage.
You puncture Grinder!
Grinder is almost dead.
Grinder gestures at you. Pain shoots through your body!
* * * LOW HITPOINT WARNING * * *
Grinder closely misses you.
You hit Grinder.
Grinder is almost dead.
Grinder hits you but does no damage.
You barely miss Grinder.
Grinder is almost dead.
Grinder gestures at you. Pain shoots through your body!
You die...

# #. ##.#
#..5###
#.....# #.#
##.# ##..#
##@#.#
##5##.###
#.......#
#..###.#.#
#.#.###.#.#
{
#.##.##..#.#
## #.##.##.#
#.##.##.#
#<......#


You could see Grinder.

Vanquished Creatures
  Crazy Yiuf (D:3)
  Jessica (D:3)
  A howler monkey zombie (D:3)
  3 adders (D:3)
  A shadow imp (D:4)
  2 orcs (D:3)
  10 bats
  4 endoplasms
  5 giant cockroaches
  4 goblins
  3 hobgoblins
  3 jackals (D:1)
  4 quokkas
  3 ball pythons
  6 frilled lizards
  6 kobolds
  3 rats
60 creatures vanquished.

Vanquished Creatures (others)
  4 fungi (D:2)
  A plant (D:2)
5 creatures vanquished.

Grand Total: 65 creatures vanquished

Notes
Turn   | Place    | Note
-------+----------+-------------------------------------------
     0 | D:1      | Zeldest the Formicid Fighter began the quest for the Orb.
     0 | D:1      | Reached XP level 1. HP: 18/18 MP: 1/1
   254 | D:1      | Found Ycvudawk's Weapon Boutique.
   287 | D:1      | Reached XP level 2. HP: 24/24 MP: 2/2
   458 | D:1      | Reached XP level 3. HP: 29/29 MP: 3/3
   628 | D:2      | Noticed Sigmund
   736 | D:2      | Reached skill level 1 in Maces & Flails
   903 | D:3      | Reached XP level 4. HP: 37/37 MP: 4/4
  1255 | D:3      | Reached XP level 5. HP: 42/42 MP: 5/5
  1268 | D:3      | Noticed Jessica
  1274 | D:3      | Killed Jessica
  1551 | D:3      | Found a runed translucent door.
  1552 | D:3      | Noticed Crazy Yiuf
  1641 | D:3      | Killed Crazy Yiuf
  1695 | D:4      | Noticed Grinder
  1724 | D:4      | Killed from afar by Grinder

Illustrated notes

Levels and vault maps discovered:
D:1:      ebering_trefoil_3fold, layout_rooms, serial_shops,
          nicolae_diamond_shop, hex_tiny
D:2:      layout_rooms, dreamdust_ecumenical_altar_hidden_monk_grotto,
          hangedman_feature_mirror, uniq_sigmund, uniq_natasha
D:3:      layout_basic, st_stairs_4, uniq_crazy_yiuf_cottage, uniq_jessica
D:4:      layout_loops_ring, okawaru_gym_becter, minmay_temple_entry_grid,
          uniq_grinder

Skill      XL: |  1  2  3  4  5 |
---------------+----------------+-----
Shields        | 4 |  4.8
Maces & Flails | 1 2 |  2.1
Fighting       | 4 |  4.3
Armour         | 4 |  4.3
Polearms       | |  2.1

Action                   |  1- 3 |  4- 6 || total
-------------------------+-------+-------++-------
Melee: Trident           |   104 |    77 ||   181
 Abil: Dig               |     1 |       ||     1
Evoke: Wand              |       |     1 ||     1
  Use: Potion            |       |     1 ||     1
Armor: Scale mail        |    15 |       ||    15
       Plate armour      |    56 |    26 ||    82
Dodge: Dodged            |    35 |    26 ||    61
Block: Buckler           |    28 |     5 ||    33

Table legend: (Time is in decaauts)
 A = Elapsed time spent in this place.
 B = Non-inter-level travel time spent in this place.
 C = Inter-level travel time spent in this place.
 D = Time resting spent in this place.
 E = Time spent auto-exploring this place.
 F = Levels seen in this place.
 G = Mean time per level.
                   A        B        C        D        E       F      G
               +--------+--------+--------+--------+--------+-----+--------+
         Total |   1763 |   1701 |     62 |    462 |    805 |   4 |  440.8 |
       Dungeon |   1763 |   1701 |     62 |    462 |    805 |   4 |  440.8 |
               +--------+--------+--------+--------+--------+-----+--------+

Top non-repeatable levels by time:
     D:3: 929 daAuts
     D:1: 720 daAuts
     D:2: 65 daAuts
     D:4: 48 daAuts
